Cogmind - Beta 13 @@@ ROGUE MODE // 2024.04.04 @ 15:05:12 Player: Toa of Guts Result: Destroyed by P-70 Sage with Tesla Rifle Performance ------------- Evolutions (6) 3000 Regions Visited (8) 1600 Robots Destroyed (170) 850 Value Destroyed (7051) 7051 Prototype IDs (17) 340 Alien Tech Used (0) 0 Bonus (253) 253 TOTAL SCORE: 13094 Bonus ------- High Alert Combat Kills 253 Cogmind --------- Core Integrity 0/1150 Matter 146/300 Energy 120/170 System Corruption 23% Temperature Cool (0) Movement Rolling (110) Ox1 Location -4/Factory Parts ------- > --- POWER (1) -------- Light Antimatter Reactor > --- PROPULSION (5) --- Centrium Wheel > --- UTILITY (9) ------ Experimental Heat Sink > --- WEAPON (4) ------- Improved Arc Projector Long-range Missile Launcher > --- INVENTORY (5) ---- (None) Peak State ------------ > --- POWER ------------ Reinforced Fission Core > --- PROPULSION ------- Antigrav System Antigrav System Antigrav System Antigrav System Antigrav System > --- UTILITY ---------- Advanced Thermal Generator Improved Heat Sink Improved Heat Sink Large Storage Unit Improved Signal Interpreter Improved Target Analyzer Layered Medium Armor Plating Layered Medium Armor Plating Advanced Hacking Suite > --- WEAPON ----------- Wave Gun Phase Gun Heavy Wave Gun Long-range Phase Cannon > --- INVENTORY -------- Improved Heat Sink Advanced Trap Scanner Triangulator Long-range Sensor Array Improved Propulsion Shielding Layered Light Armor Plating Graphene Brace Dynamic Insulation System Tesla Rifle Improved Arc Projector Hardcell Cannon Long-range Missile Launcher Powered Hammer Kinetic Spear [Rating: 110] Favorites ----------- Power Heavy Ion Engine Engine Heavy Ion Engine Power Core Light Nuclear Core Reactor Light Antimatter Reactor Propulsion Flexi-carbon Leg Leg Flexi-carbon Leg Wheel Armored Huge Wheel Hover Unit Antigrav System Flight Unit VTOL Module Utility Large Storage Unit Device Advanced Heat Sink Storage Large Storage Unit Processor Improved Target Analyzer Hackware Hacking Suite Protection Hardened Medium Armor Plating Weapon Wave Gun Energy Gun Wave Gun Energy Cannon Compact Ion Cannon Ballistic Gun Autogun Ballistic Cannon Hardcell Cannon Launcher Long-range Missile Launcher Special Weapon Remote Datajack Impact Weapon Powered Hammer Slashing Weapon Chainsword Piercing Weapon Kinetic Spear Build | -11 -10 -9 -9 -8 -7 -6 -5 -4 ------- Run | Yrd Mat Mat Sto Mat Fac Fac Fac Fac Slots Evolved 12 | . . 2 . 2 2 2 2 2 Power . | . . . . . . . . . Propulsion 3 | . . 1 . . 1 . . 1 Utility 7 | . . 1 . 1 . 2 2 1 Weapon 2 | . . . . 1 1 . . . Parts Attached 265 | 8 1 23 4 19 20 44 13 133 Power 21 | 2 . 4 . 1 1 4 2 7 Engine 12 | 2 . 4 . . 1 3 2 . Core 5 | . . . . 1 . 1 . 3 Reactor 4 | . . . . . . . . 4 Propulsion 65 | 2 . 10 . 11 3 12 2 25 Treads . | . . . . . . . . . Leg 46 | 2 . 10 . 11 1 9 2 11 Wheel 12 | . . . . . 2 3 . 7 Hover 6 | . . . . . . . . 6 Flight 1 | . . . . . . . . 1 Utility 75 | 1 1 5 2 4 3 14 4 41 Device 36 | . 1 . . 4 1 7 1 22 Storage 3 | 1 . 1 1 . . . . . Processor 7 | . . . . . . . 2 5 Hackware 6 | . . 1 1 . . 3 . 1 Protection 23 | . . 3 . . 2 4 1 13 Artifact . | . . . . . . . . . Weapon 104 | 3 . 4 2 3 13 14 5 60 Energy Gun 44 | 2 . 1 1 1 5 7 4 23 Energy Cannon 25 | . . . 1 . 2 3 . 19 Ballistic Gun 14 | 1 . 3 . 2 3 . . 5 Ballistic Cannon 1 | . . . . . . . . 1 Launcher 3 | . . . . . . . . 3 Special Weapon 2 | . . . . . 2 . . . Impact Weapon 10 | . . . . . . 2 1 7 Slashing Weapon 3 | . . . . . 1 2 . . Piercing Weapon 2 | . . . . . . . . 2 Special Melee Weapon . | . . . . . . . . . Unidentified Prototypes 8 | . . . 1 . 1 1 1 4 Parts Lost 75 | . . 5 . 6 5 12 5 42 Power 9 | . . 1 . 1 1 2 1 3 Propulsion 25 | . . . . 4 . 4 . 17 Utility 19 | . . 2 . . . 4 2 11 Weapon 22 | . . 2 . 1 4 2 2 11 Highest Loss Streak 9 | . . 3 . 2 3 4 2 9 To Critical Strikes . | . . . . . . . . . Average Slot Usage (%) 90 | . 97 98 100 99 80 88 90 88 Engine 5 | . 14 10 11 3 4 5 5 2 Core 1 | . . . . 5 2 . . 1 Leg 14 | . 28 32 33 27 . 10 23 8 Wheel 6 | . . . . . 14 7 . 8 Device 13 | . 12 10 . 8 . 18 20 18 Storage 6 | . 14 11 11 9 7 6 5 4 Processor 3 | . . . . . . . 2 10 Hackware 7 | . . . 20 18 14 6 . 1 Protection 5 | . . 10 1 . 6 4 7 7 Energy Gun 12 | . 28 10 11 10 13 12 22 10 Energy Cannon 3 | . . . 9 6 3 5 . 3 Ballistic Gun 3 | . . 11 1 10 8 . . 1 Impact Weapon 1 | . . . . . . 3 . 2 Naked Turns 104 | . . . . . . . . 104 Heaviest Build 98 | 14 15 30 35 41 53 72 75 98 Greatest Support 95 | 20 20 51 51 51 56 80 80 95 Greatest Overweight (x) 7 | . . . . 1 1 2 . 7 Average Overweight (x) . | . . . . . . . . 1 Largest Inventory Capacity 15 | 8 8 10 15 15 15 15 15 15 Average Capacity 14 | 7 8 8 13 15 15 15 15 14 Most Carried 15 | 6 8 10 15 15 15 15 15 15 Average Carried 12 | 4 7 8 11 14 14 13 14 13 Final Capacity 15 | 8 8 10 15 15 15 15 15 5 Final Carried 15 | 6 8 10 15 13 13 15 13 . Class Distribution -------------------- 21% | Scavenger-Tank 19% | Hacker-Tank 14% | Mutant 13% | Scavenger-Gunner 11% | Scavenger-Mutant 7% | Hacker-Mutant 7% | Hacker-Gunner 3% | Scavenger-Skirmisher Dominant Class ---------------- Mutant | -10/Materials Mutant | -9/Materials Hacker-Mutant | -9/Storage Hacker-Gunner | -8/Materials Hacker-Tank | -7/Factory Hacker-Tank | -6/Factory Scavenger-Tank | -5/Factory Scavenger-Tank | -4/Factory Resources | -11 -10 -9 -9 -8 -7 -6 -5 -4 ----------- Run | Yrd Mat Mat Sto Mat Fac Fac Fac Fac Matter Collected 3645 | 218 72 374 142 364 374 442 122 1537 Remotely . | . . . . . . . . . Salvage Created 8241 | . 192 941 863 856 802 928 669 2990 Parts 376 | . 15 53 43 41 37 37 30 120 Haulers Intercepted 9 | . 1 2 2 1 2 1 . . Recyclers Shooed 2 | . . 1 . . . . . 1 Parts Field Recycled . | . . . . . . . . . Retrieved Matter . | . . . . . . . . . Parts Self-Destructed . | . . . . . . . . . Prevented . | . . . . . . . . . Kills | -11 -10 -9 -9 -8 -7 -6 -5 -4 ------- Run | Yrd Mat Mat Sto Mat Fac Fac Fac Fac Combat Hostiles Destroyed 143 | . 5 21 12 18 12 15 16 44 Melee 8 | . . . . . . 2 . 6 Guns 91 | . 5 21 7 11 6 5 14 22 Cannons 25 | . . . 4 7 2 5 . 7 AOE 4 | . . . . . 3 1 . . Classes Destroyed 16 | . 3 2 . 3 2 4 . 2 Worker 3 | . . . . . 1 . 2 . Builder 7 | . . . . . . 1 . 6 Hauler 9 | . 1 2 2 1 2 1 . . Recycler 5 | . . 1 2 . . . . 2 Operator 1 | . . . . . . 1 . . Watcher 2 | . . . . 1 . 1 . . Swarmer 33 | . 3 8 . 4 . . 9 9 Grunt 49 | . 2 10 7 11 6 7 . 6 Brawler 3 | . . . . 1 1 . . 1 Duelist 1 | . . . . . . . . 1 Sentry 17 | . . 3 5 1 3 . 1 4 Specialist 2 | . . . . . . 2 . . Hunter 12 | . . . . 1 . 2 5 4 Programmer 24 | . . . . . 2 3 1 18 Heavy 1 | . . . . . . 1 . . Behemoth 1 | . . . . . . . . 1 Best Kill Streak 9 | . 3 4 3 4 4 5 6 9 Combat Bots Only 6 | . 3 4 3 4 4 4 6 5 Max Kills in Single Turn 3 | . 1 2 1 1 3 1 2 1 Gunslinging 1 | . . 1 . . . . . . Exploded 3 | . . . . . 3 1 . . Melee 1 | . . . . . . 1 . 1 Uniques/NPCs Destroyed . | . . . . . . . . . Combat | -11 -10 -9 -9 -8 -7 -6 -5 -4 -------- Run | Yrd Mat Mat Sto Mat Fac Fac Fac Fac Hostile Shots Fired 1196 | . 16 102 33 119 74 197 139 516 Missed 319 | . 4 23 10 23 21 57 37 144 Damage Taken 14793 | . 109 988 353 1439 973 2806 1163 6962 Core 2249 | . 17 102 74 238 136 425 97 1160 Absorbed by Shields . | . . . . . . . . . Redirected to Shielding 170 | . . . . . . . 5 165 Ignored by Resistances 667 | . . . . . . 35 493 139 Core Remaining (%) 75 | 100 93 . 56 56 80 50 90 . Volleys Fired 416 | . 19 75 39 46 33 50 31 123 Largest 4 | . 2 2 2 3 4 4 4 4 Hottest 362 | . 90 90 135 191 280 299 305 362 Shots Fired 1063 | . 38 148 77 125 78 116 104 377 Gun 877 | . 38 148 45 98 66 83 104 295 Cannon 176 | . . . 32 27 8 33 . 76 Launcher 6 | . . . . . . . . 6 Special 4 | . . . . . 4 . . . Kinetic 190 | . . 57 7 51 35 . . 40 Thermal 648 | . 19 51 32 69 28 84 104 261 Explosive 6 | . . . . . . . . 6 Electromagnetic 215 | . 19 40 38 5 11 32 . 70 Robot Hit Streak 32 | . 8 18 17 23 19 10 17 32 Robot Miss Streak 7 | . 3 4 4 3 2 7 3 5 Penetration Max . | . . . . . . . . . Secondary Targets 14 | . . 5 . 1 . . 6 2 Max Gunslinging Chain 1 | . . 1 . 1 . . 1 1 Capacitor 1 | . . . . . . . . 1 Shots Hit Robots 729 | . 27 115 51 92 51 82 67 244 Core Hits 308 | . 10 40 20 38 32 37 37 94 Critical Kills 5 | . . . 1 . 1 1 . 2 Critical Parts Destroyed 6 | . . . 1 . . . . 5 Critical Strikes 53 | . . 6 3 1 1 4 9 29 Burn 35 | . . 5 . 1 . 3 9 17 Meltdown 4 | . . . 1 . 1 . . 2 Destroy 3 | . . . 1 . . . . 2 Corrupt 6 | . . 1 1 . . . . 4 Smash 4 | . . . . . . 1 . 3 Impale 1 | . . . . . . . . 1 Melee Attacks 47 | . . . . . . 14 5 28 Impact 40 | . . . . . . 11 5 24 Slashing 3 | . . . . . . 3 . . Piercing 4 | . . . . . . . . 4 Sneak Attacks 2 | . . . . . . 1 . 1 Combat Hostiles . | . . . . . . . . . Follow-up Attacks 5 | . . . . . . 2 . 3 Damage Inflicted 17458 | . 309 1720 1056 1679 1234 2683 1663 7114 Guns 11571 | . 309 1623 541 1065 986 967 1663 4417 Cannons 3770 | . . . 462 614 120 933 . 1641 Explosions 960 | . . 97 53 . 128 343 . 339 Melee 1157 | . . . . . . 440 . 717 Ramming . | . . . . . . . . . Kinetic 2140 | . . 703 94 507 487 . . 349 Thermal 11526 | . 149 559 515 1108 572 2135 1663 4825 Explosive 47 | . . . . . . . . 47 Electromagnetic 2588 | . 160 458 447 64 175 108 . 1176 Impact 1001 | . . . . . . 409 . 592 Slashing 31 | . . . . . . 31 . . Piercing 125 | . . . . . . . . 125 Highest Corruption 22 | . . . . . 4 9 1 22 Average Corruption 8 | . . . . . 2 6 1 12 Corruption Purged . | . . . . . . . . . Corruption Blocked . | . . . . . . . . . Effects 169 | . . . . . 13 44 4 108 Message Errors 48 | . . . . . 2 20 1 25 Matter Fused 39 | . . . . . 5 9 1 24 Heat Flow Errors 19 | . . . . . . 4 1 14 Energy Discharges 18 | . . . . . 2 2 . 14 Data Loss (minor) 18 | . . . . . 1 2 . 15 Data Loss (major) 9 | . . . . . . 3 1 5 Misfires 8 | . . . . . 2 2 . 4 Alerts 4 | . . . . . 1 1 . 2 Misdirections 2 | . . . . . . . . 2 Weapon Failures 4 | . . . . . . 1 . 3 Overload Shots . | . . . . . . . . . Overflow Damage 456 | . . . . . . 223 . 233 Projectiles 33 | . . . . . . 33 . . Explosions 160 | . . . . . . 100 . 60 Melee 263 | . . . . . . 90 . 173 Knockbacks 2 | . . . . . . 2 . . Impact 2 | . . . . . . 2 . . Kinetic . | . . . . . . . . . Secondary . | . . . . . . . . . Self-Inflicted Damage 500 | . . 38 32 . 86 197 . 147 Shots 11 | . . 1 1 . 3 2 . 4 Rammed . | . . . . . . . . . Targets Rammed . | . . . . . . . . . Kicked . | . . . . . . . . . Crushed . | . . . . . . . . . Highest Temperature 550 | . 105 39 363 262 401 252 252 550 Average Temperature 103 | . 55 13 107 105 133 78 70 116 Received Heat Transfer 2760 | . 15 390 123 657 336 468 9 762 Effects 12 | . . . . . 6 . . 6 Shutdowns 1 | . . . . . . . . 1 Energy Bleed 3 | . . . . . . . . 3 Interference 6 | . . . . . 6 . . . Matter Decay 1 | . . . . . . . . 1 Damage (minor) 1 | . . . . . . . . 1 Siege Activations . | . . . . . . . . . Robots Corrupted 3 | . . . . . . . . 3 Combat Hostiles 3 | . . . . . . . . 3 Parts Fried 15 | . 1 1 2 . . 2 . 9 Impact Corruptions 11 | . . . . . . 5 . 6 Robots Melted 12 | . . . 1 . 1 2 2 6 Combat Hostiles 11 | . . . 1 . 1 1 2 6 Parts Melted 95 | . . 7 1 5 9 13 26 34 Heat Transferred 21439 | . 444 1889 729 2146 1108 3075 4444 7604 Parts Sabotaged 3 | . . . . . . . . 3 Parts Stolen . | . . . . . . . . . Parts Stripped . | . . . . . . . . . Power Chain Reactions 6 | . . 2 1 . 1 . . 2 Alert | -11 -10 -9 -9 -8 -7 -6 -5 -4 ------- Run | Yrd Mat Mat Sto Mat Fac Fac Fac Fac Peak Influence 597 | . 157 493 441 485 184 263 356 597 Initial 160 | . . 66 146 84 151 56 112 160 Average 202 | . 74 316 298 292 70 75 216 278 Maximum Alert Level 2 | . . 2 2 2 . 1 1 2 Low Security (%) 50 | 100 100 17 13 14 100 89 46 27 Level 1 38 | . . 52 78 72 . 10 53 53 Level 2 10 | . . 30 7 13 . . . 19 Level 3 . | . . . . . . . . . Level 4 . | . . . . . . . . . Level 5 . | . . . . . . . . . High Security . | . . . . . . . . . Max Security . | . . . . . . . . . Squads Dispatched 39 | . . 1 3 3 4 12 2 14 Investigation 2 | . . . 1 . 1 . . . Extermination 13 | . . . . . 2 3 . 8 Reinforcement 16 | . . 1 1 2 1 5 1 5 Assault 1 | . . . . . . . . 1 Garrison 7 | . . . 1 1 . 4 1 . Intercept . | . . . . . . . . . Searches Triggered . | . . . . . . . . . Construction Impeded . | . . . . . . . . . Haulers Reinforced . | . . . . . . . . . Active Scanning Responses . | . . . . . . . . . Cargo Convoy Interrupts 1 | . . . . . . 1 . . Stealth | -11 -10 -9 -9 -8 -7 -6 -5 -4 --------- Run | Yrd Mat Mat Sto Mat Fac Fac Fac Fac Distress Signals 9 | . 1 1 1 1 . . 2 3 Communications Jammed . | . . . . . . . . . Distress Signals . | . . . . . . . . . Times Spotted 201 | . 6 29 12 27 12 20 24 71 Peak Tracking Total 11 | . 4 4 2 5 4 5 6 11 Tactical Retreats 13 | . 1 1 1 4 . 2 . 4 Traps | -11 -10 -9 -9 -8 -7 -6 -5 -4 ------- Run | Yrd Mat Mat Sto Mat Fac Fac Fac Fac Traps Triggered 8 | . . . . . 1 4 . 3 Indirectly 1 | . . . . . . . . 1 Trap Hack Attempts . | . . . . . . . . . Triggered . | . . . . . . . . . Disarmed . | . . . . . . . . . Reprogrammed . | . . . . . . . . . Reused . | . . . . . . . . . Traps Extracted . | . . . . . . . . . Installed . | . . . . . . . . . Triggered 3 | . . . . . . 2 . 1 Machines | -11 -10 -9 -9 -8 -7 -6 -5 -4 ---------- Run | Yrd Mat Mat Sto Mat Fac Fac Fac Fac Machines Disabled 14 | . . 2 1 1 2 7 . 1 Max in Single Turn 5 | . . 1 1 1 2 5 . 1 Garrison Access 1 | . . . . 1 . . . . Machines Repaired . | . . . . . . . . . Machines Dismantled . | . . . . . . . . . Machines Sabotaged . | . . . . . . . . . Overloaded Fab Kills . | . . . . . . . . . Hacking | -11 -10 -9 -9 -8 -7 -6 -5 -4 --------- Run | Yrd Mat Mat Sto Mat Fac Fac Fac Fac Machines Accessed 29 | . 2 4 7 3 6 2 2 3 Terminals 24 | . 2 4 5 2 6 1 1 3 Fabricators 2 | . . . . . . 1 1 . Repair Stations . | . . . . . . . . . Recycling Units 2 | . . . 2 . . . . . Scanalyzers . | . . . . . . . . . Garrison Access 1 | . . . . 1 . . . . Total Hacks 56 | . 4 9 14 6 13 4 2 4 Successful 43 | . 1 5 14 6 9 4 1 3 Failed 13 | . 3 4 . . 4 . 1 1 Catastrophic 1 | . . . . . 1 . . . Database Lockouts . | . . . . . . . . . Manual 17 | . 1 3 3 2 4 2 1 1 Terminals 50 | . 4 9 12 5 13 2 1 4 Fabricators 3 | . . . . . . 2 1 . Repair Stations . | . . . . . . . . . Recycling Units 2 | . . . 2 . . . . . Scanalyzers . | . . . . . . . . . Garrison Access 1 | . . . . 1 . . . . Terminal Hacks 30 | . 1 5 11 3 7 1 . 2 Record 5 | . . . . . 4 . . 1 Part Schematic 2 | . . 1 . . . 1 . . Robot Analysis 2 | . . . 1 . 1 . . . Prototype ID Bank 5 | . 1 2 2 . . . . . Open Door 2 | . . . 2 . . . . . Open DSF 2 | . . . . . 1 . . 1 Alert Level 6 | . . . 3 2 1 . . . Unreport Threat 1 | . . . 1 . . . . . Locate Traps 2 | . . . 1 1 . . . . Dispatch Records 1 | . . 1 . . . . . . Hauler Manifests 1 | . . . 1 . . . . . Zone Layout 1 | . . 1 . . . . . . Fabricator Hacks 1 | . . . . . . 1 . . Build 1 | . . . . . . 1 . . Repair Station Hacks . | . . . . . . . . . Recycling Unit Hacks 1 | . . . 1 . . . . . Report Inventory 1 | . . . 1 . . . . . Scanalyzer . | . . . . . . . . . Garrison Access Hacks 1 | . . . . 1 . . . . Seal Access 1 | . . . . 1 . . . . Unauthorized Hacks 10 | . . . 2 2 2 2 1 1 Terminals 8 | . . . 1 2 2 1 1 1 Track 8 | . . . 1 2 2 1 1 1 Fabricators 1 | . . . . . . 1 . . Report 1 | . . . . . . 1 . . Repair Stations . | . . . . . . . . . Recycling Units 1 | . . . 1 . . . . . Tunnel 1 | . . . 1 . . . . . Scanalyzers . | . . . . . . . . . Garrison Access . | . . . . . . . . . Data Cores Recovered . | . . . . . . . . . Used . | . . . . . . . . . Hacking Detections 17 | . 1 3 4 1 3 2 1 2 Full Trace Events 1 | . 1 . . . . . . . Feedback Events . | . . . . . . . . . Feedback Blocked . | . . . . . . . . . Robot Schematics Acquired . | . . . . . . . . . Robots Built . | . . . . . . . . . Authchips . | . . . . . . . . . Time . | . . . . . . . . . Total Robot Build Rating . | . . . . . . . . . Part Schematics Acquired 2 | . . 1 . . . 1 . . Parts Built 1 | . . . . . . 1 . . Authchips 1 | . . . . . . 1 . . Time 64 | . . . . . . 64 . . Total Part Build Rating 8 | . . . . . . 8 . . Parts Repaired . | . . . . . . . . . Time . | . . . . . . . . . Parts Recycled . | . . . . . . . . . Recycled Matter . | . . . . . . . . . Retrieved Matter . | . . . . . . . . . Retrieved Components . | . . . . . . . . . Parts Scanalyzed . | . . . . . . . . . Part Schematics Acquired . | . . . . . . . . . Parts Damaged . | . . . . . . . . . Bothacking | -11 -10 -9 -9 -8 -7 -6 -5 -4 ------------ Run | Yrd Mat Mat Sto Mat Fac Fac Fac Fac Used RIF Installer . | . . . . . . . . . Robots Hacked 1 | . . . . . 1 . . . Non-combat 1 | . . . . . 1 . . . Combat . | . . . . . . . . . Robot Hacks Applied 1 | . . . . . 1 . . . find_recycling 1 | . . . . . 1 . . . Relay Couplers Released . | . . . . . . . . . Fabnet Peak Effective % . | . . . . . . . . . Robots Rewired . | . . . . . . . . . Allies Hacked . | . . . . . . . . . Hacks Repelled . | . . . . . . . . . Allies | -11 -10 -9 -9 -8 -7 -6 -5 -4 -------- Run | Yrd Mat Mat Sto Mat Fac Fac Fac Fac Total Allies . | . . . . . . . . . Largest Group . | . . . . . . . . . Highest-Rated Group . | . . . . . . . . . Highest-Rated Ally . | . . . . . . . . . Total Orders . | . . . . . . . . . Ally Attacks . | . . . . . . . . . Total Damage . | . . . . . . . . . Kills . | . . . . . . . . . Allies Corrupted . | . . . . . . . . . Allies Melted . | . . . . . . . . . Intel | -11 -10 -9 -9 -8 -7 -6 -5 -4 ------- Run | Yrd Mat Mat Sto Mat Fac Fac Fac Fac Robot Analysis Total 2 | . . . 1 . 1 . . . Derelict Logs Recovered . | . . . . . . . . . Drone Launches . | . . . . . . . . . Drone Recoveries . | . . . . . . . . . Exploration | -11 -10 -9 -9 -8 -7 -6 -5 -4 ------------- Run | Yrd Mat Mat Sto Mat Fac Fac Fac Fac Turns Passed 10620 | 58 277 922 806 890 1565 2094 729 3279 Spaces Moved 5481 | 37 156 456 341 449 893 897 452 1800 Core 206 | 5 . . . . . . . 201 Treads . | . . . . . . . . . Legs 2845 | 32 156 456 341 449 7 451 452 501 Wheels 2206 | . . . . . 886 446 . 874 Hover 224 | . . . . . . . . 224 Flight . | . . . . . . . . . Fastest Speed 50 | 50 120 120 130 123 100 100 122 50 Average Speed 119 | 110 120 123 130 134 100 123 122 121 Slowest Speed 330 | 120 120 130 130 190 120 260 122 330 Overloaded Moves . | . . . . . . . . . Propulsion Burnouts . | . . . . . . . . . Robots Hopped . | . . . . . . . . . Cave-ins Triggered . | . . . . . . . . . Exploration Rate (%) 28 | 3 35 38 59 34 21 20 12 35 Regions Visited 8 Branch Regions 1 Pre-discovered Areas 2 | . . . 2 . . . . . Known Exits Taken 1 | . . . . . . . 1 . Unknown Exits Taken 7 | 1 1 1 1 1 1 1 . . Scrap Searched . | . . . . . . . . . Spaces Dug 47 | . . . 2 . . 1 5 39 Terrain Destroyed 202 | . . 6 17 5 5 52 5 112 Melee 13 | . . . . . . 1 5 7 Projectile 64 | . . . 15 5 2 8 . 34 AOE 125 | . . 6 2 . 3 43 . 71 Terrain Rammed . | . . . . . . . . . Walls Destroyed . | . . . . . . . . . Machines Disabled . | . . . . . . . . . Actions | -11 -10 -9 -9 -8 -7 -6 -5 -4 --------- Run | Yrd Mat Mat Sto Mat Fac Fac Fac Fac Total 8655 | 50 209 686 628 651 1507 1768 543 2613 Wait 2168 | . 26 101 233 117 527 722 35 407 Move 5473 | 36 155 455 340 448 892 896 451 1800 Hop . | . . . . . . . . . Pick Up 138 | 6 5 13 8 11 13 27 3 52 Fast Attach 71 | 6 1 1 . 1 7 7 3 45 Attach 96 | . . 7 . 7 8 27 4 43 Detach 41 | . . . . . 7 10 . 24 Swap 98 | 2 . 15 4 11 5 10 6 45 Drop 114 | . 3 19 4 10 15 8 5 50 Fire 416 | . 19 75 39 46 33 50 31 123 Melee 40 | . . . . . . 11 5 24 Ram . | . . . . . . . . . Kick . | . . . . . . . . . Crush . | . . . . . . . . . Escape Stasis . | . . . . . . . . . Rewire . | . . . . . . . . . Trap . | . . . . . . . . . Miscellaneous . | . . . . . . . . . Route ------- -11/Scrapyard -10/Materials -9/Materials (discovered 3 exits: *Mat / *Sto x2) -9/Storage -8/Materials -7/Factory -6/Factory -5/Factory -4/Factory (discovered 1 exit: [*Res]) History --------- Turn | Location | Event 29 | -11/Scrapyard | Discovered new exit (range 16) 59 | -11/Scrapyard | Entered Materials 318 | -10/Materials | Build established: Mutant 323 | -10/Materials | Discovered new exit (range 6) 336 | -10/Materials | Entered another Materials area 336 | -9/Materials | Evolved 2 slots: Propulsion x1, Utility x1 780 | -9/Materials | Lost 3 parts (1p1u1w) 953 | -9/Materials | Build established: Scavenger-Mutant 1028 | -9/Materials | Discovered new exit (range 15) 1035 | -9/Materials | Discovered new exit (range 16) 1067 | -9/Materials | Discovered new exit (range 12) 1258 | -9/Materials | Entered Storage 1279 | -9/Storage | Build established: Mutant 1374 | -9/Storage | Learned location of Armory (-3) 1686 | -9/Storage | Build established: Hacker-Mutant 1822 | -9/Storage | Garrison activated, responded to threat 2004 | -9/Storage | Discovered new exit (range 16) 2064 | -9/Storage | Entered Materials 2064 | -8/Materials | Evolved 2 slots: Utility x1, Weapon x1 2369 | -8/Materials | Build established: Hacker-Gunner 2831 | -8/Materials | Garrison activated, responded to threat 2911 | -8/Materials | Discovered new exit (range 8) 2954 | -8/Materials | Entered Factory 2954 | -7/Factory | Evolved 2 slots: Propulsion x1, Weapon x1 3264 | -7/Factory | Build established: Hacker-Tank 3577 | -7/Factory | Lost 3 parts (1p2w) 4509 | -7/Factory | Discovered new exit (range 5) 4519 | -7/Factory | Entered another Factory area 4519 | -6/Factory | Evolved 2 slots: Utility x2 4681 | -6/Factory | Fabricated Nova Cannon (x1) 5505 | -6/Factory | Build established: Mutant 5742 | -6/Factory | Garrison activated, responded to threat 5744 | -6/Factory | Cargo convoy interrupted 5800 | -6/Factory | Lost 4 parts (1p1n1u1w) 6074 | -6/Factory | Build established: Scavenger-Tank 6110 | -6/Factory | Garrison activated, responded to threat 6428 | -6/Factory | Lost 3 parts (2n1u) 6597 | -6/Factory | Discovered new exit (range 5) 6613 | -6/Factory | Entered another Factory area 6613 | -5/Factory | Evolved 2 slots: Utility x2 6700 | -5/Factory | Build established: Scavenger-Gunner 7160 | -5/Factory | Build established: Scavenger-Tank 7243 | -5/Factory | Discovered new exit (range 16) 7323 | -5/Factory | Garrison activated, responded to threat 7340 | -5/Factory | Identified exit to Factory 7342 | -5/Factory | Entered another Factory area 7342 | -4/Factory | Evolved 2 slots: Propulsion x1, Utility x1 7530 | -4/Factory | Lost 9 parts (3n3u3w) 7865 | -4/Factory | Lost 3 parts (2n1u) 7956 | -4/Factory | Lost 4 parts (1n2u1w) 8199 | -4/Factory | Lost 7 parts (2n1u4w) 8248 | -4/Factory | Build established: Scavenger-Gunner 8381 | -4/Factory | Found Quantum Capacitor 8747 | -4/Factory | System corruption reached 10% 9088 | -4/Factory | Build established: Scavenger-Mutant 9511 | -4/Factory | Spotted B-86 Titan 9696 | -4/Factory | Core integrity fell below 50% 9749 | -4/Factory | Destroyed B-86 Titan 10292 | -4/Factory | Build established: Scavenger-Tank 10342 | -4/Factory | First assault squad dispatched 10405 | -4/Factory | Lost 6 parts (2n2u2w) 10501 | -4/Factory | Released all parts (12) 10567 | -4/Factory | Core integrity fell below 20% 10609 | -4/Factory | Discovered new exit (range 11) 10621 | -4/Factory | Destroyed by P-70 Sage with Tesla Rifle Last Messages --------------- 10556_ Acquired Prototype Device. 10556_ Identified Exp. Heat Sink. 10557_ Dropped Exp. Heat Sink. 10558_ Acquired Exp. Heat Sink. 10559_ Dropped Hardcell Cannon. 10565_ 1EFIKSQIE4LYJSX9T5NYDX/|